[Event "Titled Tuesday Blitz May 03 Early 2022"]
[White "Kanyamarala, Trisha"]
[Black "Ratnakaran, K."]
[WhiteFideId "45004722"]
[BlackFideId "5005507"]
[WhiteElo "2079"]
[BlackElo "2407"]
[Result "1-0"]
[Round "02"]
[TimeControl "180+1"]
[Date "2022.05.03"]
[WhiteClock "0:00:18"]
[BlackClock "0:01:49"]

1. c4 e5 2. Nc3 Nc6 3. g3 f5 4. Bg2 Nf6 5. d3 Bc5 6. Nf3 h5 7. Bg5 d6 8. O-O Be6 9. Nd5 Bxd5 10. cxd5 Ne7 11. d4 Bb6 12. dxe5 dxe5 13. Nxe5 h4 14. Qa4+ Kf8 15. Qb3 hxg3 16. d6 Bxf2+ 17. Rxf2 gxf2+ 18. Kf1 Ned5 19. Bxd5 Qxd6 20. Ng6+ Ke8 21. Bf7+ Kd8 22. Rd1 Rxh2 23. Rxd6+ cxd6 24. Qxb7 d5 25. Qxa8+ Kd7 26. Qb7+ Kd6 27. Bxf6 gxf6 28. Qb8+ 1-0


[Site "https://www.chess.com"]

[Event "Titled Tuesday Blitz May 03 Early 2022"]
[White "Kejzar, Petra"]
[Black "Le Ruyet, Leopold"]
[WhiteFideId "14610213"]
[BlackFideId "645923"]
[WhiteElo "2003"]
[BlackElo "2276"]
[Result "0-1"]
[Round "02"]
[TimeControl "180+1"]
[Date "2022.05.03"]
[WhiteClock "0:00:04"]
[BlackClock "0:00:05"]

1. c4 Nf6 2. Nc3 c5 3. Nf3 g6 4. d4 cxd4 5. Nxd4 Bg7 6. e4 O-O 7. Be2 b6 8. O-O Bb7 9. f3 d6 10. Be3 Nbd7 11. Qd2 a6 12. Rac1 Rc8 13. Rfd1 Rc7 14. Qe1 e6 15. Nc2 Qe7 16. Qf2 Rd8 17. Bxb6 Nxb6 18. Qxb6 Rc6 19. Qe3 Rc7 20. Rd2 h5 21. Rcd1 Kh7 22. Qb6 Rc6 23. Qb4 Bh6 24. Rd3 Qc7 25. e5 Rxc4 26. Qa3 Nd5 27. exd6 Rxd6 28. Rxd5 Rxd5 29. Nxd5 Bxd5 30. Bxc4 Qxc4 31. Nb4 Qe2 32. Qd3 Qxb2 33. Nxd5 exd5 34. Qxd5 Qf6 35. Rb1 Be3+ 36. Kh1 Kg7 37. g3 h4 38. Kg2 hxg3 39. hxg3 Bd4 40. Rd1 Bb2 41. Rd2 Bc3 42. Rc2 Ba1 43. Qc4 Qb6 44. Re2 Qb1 45. Rc2 Qe1 46. Re2 Qd1 47. Rc2 Bd4 48. Qb3 Qg1+ 49. Kh3 Qh1+ 50. Kg4 Qh5+ 51. Kf4 Qf5# 0-1


[Site "https://www.chess.com"]

[Event "Titled Tuesday Blitz May 03 Early 2022"]
[White "Khamdamova, Afruza"]
[Black "Tristan, Leonardo"]
[WhiteFideId "14210444"]
[BlackFideId "113816"]
[WhiteElo "1660"]
[BlackElo "2404"]
[Result "0-1"]
[Round "02"]
[TimeControl "180+1"]
[Date "2022.05.03"]
[WhiteClock "0:00:11"]
[BlackClock "0:00:25"]

1. e4 d5 2. exd5 Qxd5 3. Nc3 Qa5 4. d4 Nf6 5. Nf3 Bf5 6. Bd3 Nbd7 7. O-O e6 8. Re1 Be7 9. Ne5 Bxd3 10. Qxd3 Rd8 11. Nc4 Qa6 12. b3 O-O 13. Bf4 c5 14. d5 Nb6 15. Nxb6 Qxb6 16. Na4 Qa5 17. c4 Rfe8 18. Nc3 Bf8 19. Qf3 exd5 20. Rxe8 Rxe8 21. cxd5 Nxd5 22. Qxd5 Qxc3 23. Rf1 Qb4 24. Bd2 Qe4 25. Qd7 Qe7 26. Qa4 a6 27. Bc3 Qe6 28. h3 b5 29. Qf4 Bd6 30. Qf3 Qe4 31. Qd1 Rd8 32. Qa1 Qf4 33. g3 Qg5 34. Kh2 h5 35. Rd1 h4 36. Be5 hxg3+ 37. fxg3 Bxe5 38. Rxd8+ Qxd8 39. Qxe5 Qd2+ 40. Kh1 Qc1+ 41. Kg2 Qc2+ 42. Kh1 Qb1+ 43. Kg2 Qxa2+ 44. Kh1 Qb1+ 45. Kg2 Qc2+ 46. Kh1 Qxb3 47. Qe8+ Kh7 48. Qe4+ g6 49. Qc6 Qxg3 50. Qxc5 Qxh3+ 51. Kg1 Qg4+ 52. Kh1 Qh5+ 0-1


[Site "https://www.chess.com"]

[Event "Titled Tuesday Blitz May 03 Early 2022"]
[White "Kim, Sergey"]
[Black "Abarca Gonzalez, Nicolas"]
[WhiteFideId "13700570"]
[BlackFideId "3409422"]
[WhiteElo "2574"]
[BlackElo "2504"]
[Result "0-1"]
[Round "02"]
[TimeControl "180+1"]
[Date "2022.05.03"]
[WhiteClock "0:00:13"]
[BlackClock "0:00:17"]

1. d4 Nf6 2. c4 e5 3. d5 Bc5 4. Nc3 O-O 5. e4 c6 6. Be2 cxd5 7. cxd5 Qb6 8. Nh3 d6 9. Na4 Qa5+ 10. Bd2 Bb4 11. Nc3 Bxh3 12. gxh3 Nbd7 13. O-O Rfc8 14. f3 Bxc3 15. bxc3 Rxc3 16. Bxc3 Qxc3 17. Qd3 Qxd3 18. Bxd3 Nc5 19. Be2 Nh5 20. Rfc1 Nf4 21. Bf1 g5 22. Rc3 Kf8 23. Kf2 Rc8 24. Ke3 h5 25. a4 Ke7 26. a5 Rc7 27. Rb1 f5 28. Rb5 g4 29. hxg4 hxg4 30. fxg4 fxe4 31. Rbxc5 dxc5 32. Kxe4 Kd6 33. Bc4 Rh7 34. Rc2 Nh3 35. Kf5 Rf7+ 36. Kg6 Rf4 37. Be2 Rf2 38. Kh7 Rxh2 39. Kg7 Nf4 40. Bd3 Rxc2 41. Bxc2 Kxd5 42. Kf6 Kd4 43. g5 e4 44. g6 Nxg6 45. Kxg6 e3 46. Bd1 c4 47. Kf5 c3 48. Ke6 e2 0-1


[Site "https://www.chess.com"]

[Event "Titled Tuesday Blitz May 03 Early 2022"]
[White "Kohler, Aran"]
[Black "Stevens, Christian"]
[WhiteFideId "1002856"]
[BlackFideId "2604450"]
[WhiteElo "2288"]
[BlackElo "2495"]
[Result "0-1"]
[Round "02"]
[TimeControl "180+1"]
[Date "2022.05.03"]
[WhiteClock "0:00:03"]
[BlackClock "0:00:05"]

1. c3 d5 2. d4 Nf6 3. Bg5 Ne4 4. h4 c6 5. Nd2 Bf5 6. Nxe4 Bxe4 7. e3 h6 8. Bf4 Qb6 9. Qb3 e6 10. f3 Bh7 11. Qxb6 axb6 12. Bxb8 Rxb8 13. Kd2 Ra8 14. a3 Bd6 15. Bd3 Bxd3 16. Kxd3 e5 17. dxe5 Bxe5 18. f4 Bd6 19. g4 h5 20. g5 O-O 21. Nf3 Rfe8 22. Nd4 Re4 23. Nf5 Bc5 24. Rae1 g6 25. Ng3 Re7 26. e4 Bf2 27. Re3 Bxe3 28. Kxe3 dxe4 29. Rd1 Kf8 30. Rd4 Ke8 31. Nxe4 Rd8 32. Ra4 b5 33. Ra7 Rd1 34. Kf3 Rd3+ 35. Ke2 Rh3 36. Ra8+ Kd7 37. Rb8 Rxe4+ 38. Kf2 Kc7 39. Rf8 Re7 0-1


[Site "https://www.chess.com"]

[Event "Titled Tuesday Blitz May 03 Early 2022"]
[White "Kotepalli, Sai Nirupama"]
[Black "Rosen, Eric"]
[WhiteFideId "5039444"]
[BlackFideId "2032562"]
[WhiteElo "2384"]
[BlackElo "2362"]
[Result "1-0"]
[Round "02"]
[TimeControl "180+1"]
[Date "2022.05.03"]
[WhiteClock "0:00:32"]
[BlackClock "0:00:01"]

1. e4 e5 2. d3 Nf6 3. Nf3 Bc5 4. Nxe5 Nc6 5. Nxc6 dxc6 6. Be2 h5 7. c3 Ng4 8. d4 Qh4 9. g3 Qf6 10. f3 h4 11. Bf4 hxg3 12. Bxg3 Ne3 13. Qd2 Bxd4 14. cxd4 Qxd4 15. Qxd4 Nc2+ 16. Kd2 Nxd4 17. Bxc7 Bh3 18. Nc3 Rc8 19. Be5 Ne6 20. Ke3 f6 21. Bg3 b5 22. Rac1 a6 23. a4 O-O 24. Na2 f5 25. Bd6 Rfe8 26. e5 f4+ 27. Kf2 Bf5 28. Nb4 bxa4 29. Bxa6 Ra8 30. Bb7 Rab8 31. Bxc6 Rec8 32. Bxb8 Rxb8 33. Rc4 Kh7 34. Be4 Kg6 35. Rg1+ Ng5 36. h4 Kf7 37. Bxf5 1-0


[Site "https://www.chess.com"]

[Event "Titled Tuesday Blitz May 03 Early 2022"]
[White "Kouskoutis, Georgios-Alexandros"]
[Black "Matinian, Nikita"]
[WhiteFideId "4234049"]
[BlackFideId "24129100"]
[WhiteElo "2130"]
[BlackElo "2422"]
[Result "1/2-1/2"]
[Round "02"]
[TimeControl "180+1"]
[Date "2022.05.03"]
[WhiteClock "0:00:03"]
[BlackClock "0:00:06"]

1. c4 e5 2. g3 Nc6 3. Bg2 h5 4. h3 d6 5. Nc3 h4 6. g4 f5 7. gxf5 Bxf5 8. d3 Nf6 9. Bg5 Be7 10. Nf3 Nh5 11. Bxe7 Nxe7 12. e3 Ng6 13. d4 c6 14. dxe5 dxe5 15. Qxd8+ Rxd8 16. Ng5 Nf6 17. Nge4 Ke7 18. Ke2 b6 19. Rad1 Nxe4 20. Nxe4 Rhf8 21. Nc3 Rxd1 22. Rxd1 Rc8 23. b4 Nf8 24. c5 Ne6 25. cxb6 axb6 26. a4 Ng5 27. a5 bxa5 28. bxa5 Bxh3 29. Bxh3 Nxh3 30. Rh1 Ng5 31. Rxh4 Ra8 32. Ra4 Ne6 33. Ne4 Nc7 34. Nc5 Kd6 35. Nb7+ Kd5 36. Rg4 Ra7 37. Nd8 Nb5 38. a6 Rxa6 39. Rxg7 Ra2+ 40. Kf3 Nd6 41. Rd7 e4+ 42. Kg3 Ke5 43. Nf7+ Nxf7 44. Rxf7 c5 45. Rc7 Rc2 46. f3 exf3 47. Kxf3 c4 48. e4 Rc3+ 49. Ke2 Kxe4 50. Kd2 Rd3+ 51. Kc2 Kd4 52. Rd7+ Ke3 53. Re7+ Kd4 54. Rd7+ Ke4 55. Re7+ Kf5 56. Rc7 Rd4 57. Kc3 Rh4 58. Rxc4 Rxc4+ 59. Kxc4 1/2-1/2


[Site "https://www.chess.com"]

[Event "Titled Tuesday Blitz May 03 Early 2022"]
[White "Kozak, Antoni"]
[Black "Nakamura, Hikaru"]
[WhiteFideId "21832030"]
[BlackFideId "2016192"]
[WhiteElo "2236"]
[BlackElo "2850"]
[Result "0-1"]
[Round "02"]
[TimeControl "180+1"]
[Date "2022.05.03"]
[WhiteClock "0:00:03"]
[BlackClock "0:00:20"]

1. d4 g6 2. c4 Bg7 3. Nc3 c5 4. d5 Bxc3+ 5. bxc3 f5 6. h4 Qa5 7. h5 Qxc3+ 8. Bd2 Qg7 9. Rc1 d6 10. Nf3 h6 11. hxg6 Qxg6 12. g3 Nd7 13. Bc3 Ngf6 14. Bh3 Nb6 15. Qc2 Qh7 16. Nh4 f4 17. Bxc8 Rxc8 18. Bxf6 Qxc2 19. Rxc2 exf6 20. Ng6 Rh7 21. Nxf4 Kf7 22. e3 Rch8 23. O-O h5 24. Kh2 Nd7 25. a4 Ne5 26. Rb1 b6 27. a5 h4 28. g4 Nxg4+ 29. Kh3 f5 30. axb6 axb6 31. Rxb6 Rh6 32. Rb7+ Kf6 33. Rd7 Ke5 34. Re7+ Kf6 35. Rd7 Ke5 36. Ra2 Ke4 37. Ng2 Ne5 38. Re7 Kd3 39. Nf4+ Kxc4 40. Rc2+ Kb3 41. Rc1 Kb2 42. Rg1 R6h7 43. Re6 Nf3 44. Rgg6 Ne5 45. Rg5 Nf7 46. Rxf5 c4 47. Ref6 Nh6 48. Rg5 Rd7 49. Rgg6 Nf7 50. Rg7 Ne5 51. Rxd7 Nxd7 52. Rxd6 Ne5 53. Rb6+ Ka3 54. d6 c3 55. Rb7 c2 56. Rc7 Kb2 57. Ne2 Rd8 58. Rb7+ Ka3 59. Rc7 Kb2 60. Rb7+ Ka2 61. Ra7+ Kb3 62. Rb7+ Kc4 63. f4 Nf3 64. Kg4 Ne1 65. Nc1 Rxd6 66. Rc7+ Kd5 67. Kf5 Rd8 68. e4+ Kd4 69. e5 h3 70. Rh7 Rf8+ 71. Ke6 Ng2 72. Kd7 Nxf4 73. e6 Ra8 74. e7 Nd5 75. Rh4+ Kc5 76. Rh5 Ra7+ 77. Kd8 Rxe7 78. Rxh3 Re1 79. Nd3+ Kd4 0-1


[Site "https://www.chess.com"]

[Event "Titled Tuesday Blitz May 03 Early 2022"]
[White "Lamaze, Simon"]
[Black "Oganian, Miran"]
[WhiteFideId "36069264"]
[BlackFideId "4122488"]
[WhiteElo "1999"]
[BlackElo "2357"]
[Result "0-1"]
[Round "02"]
[TimeControl "180+1"]
[Date "2022.05.03"]
[WhiteClock "0:00:22"]
[BlackClock "0:00:09"]

1. d4 e6 2. c4 d5 3. Nf3 a6 4. cxd5 exd5 5. g3 Nf6 6. Bg2 Be7 7. O-O O-O 8. b3 c6 9. Ba3 Bxa3 10. Nxa3 Bg4 11. Ne1 Re8 12. Nf3 Ne4 13. Re1 Qf6 14. Nc2 Nd7 15. Ne3 Bh5 16. Rc1 Re7 17. Nf1 Rae8 18. e3 Ng5 19. N1d2 Bg4 20. h4 Ne4 21. Qc2 Bf5 22. Nxe4 Rxe4 23. Qc3 R4e7 24. Nd2 h6 25. a4 Nb6 26. Qc5 Nc8 27. b4 Nd6 28. b5 axb5 29. axb5 Nxb5 30. Bxd5 Nxd4 31. Bg2 Bg4 32. Bf1 Nf3+ 33. Nxf3 Bxf3 34. Rb1 g5 35. Rb4 Re4 36. Rxe4 Rxe4 37. hxg5 hxg5 38. Rb1 b5 39. Rb4 Qe5 40. Qxe5 Rxe5 41. Bg2 Bxg2 42. Kxg2 Kf8 43. e4 Ke7 44. f4 gxf4 45. gxf4 Rc5 46. Kg3 Kd6 47. Kg4 Kc7 48. e5 Rc1 49. Kf5 Kb6 50. Rb2 c5 51. Kf6 Rf1 52. f5 b4 53. Rd2 c4 54. Rd6+ Kc5 55. Rd7 b3 56. Rxf7 b2 57. Rb7 b1=Q 58. Rxb1 Rxb1 59. e6 c3 60. e7 Re1 61. Kg7 c2 62. f6 c1=Q 63. f7 Qg5+ 0-1


[Site "https://www.chess.com"]

[Event "Titled Tuesday Blitz May 03 Early 2022"]
[White "Laohawirapap, Prin"]
[Black "Leiva, Gianmarco"]
[WhiteFideId "6205003"]
[BlackFideId "3804399"]
[WhiteElo "1832"]
[BlackElo "2323"]
[Result "0-1"]
[Round "02"]
[TimeControl "180+1"]
[Date "2022.05.03"]
[WhiteClock "0:00:24"]
[BlackClock "0:01:00"]

1. e4 c5 2. Nf3 Nf6 3. e5 Nd5 4. d4 cxd4 5. Qxd4 Nc7 6. Bc4 Nc6 7. Qh4 h6 8. O-O g6 9. Nc3 Bg7 10. Re1 Ne6 11. a3 a6 12. Nd5 b5 13. Ba2 Rb8 14. Be3 Bb7 15. Bb6 Qc8 16. Rad1 O-O 17. Qxe7 Nxe7 18. Nxe7+ Kh7 19. Nxc8 Rfxc8 20. c3 Bxf3 21. gxf3 Rxb6 22. Rxd7 Kg8 23. Red1 Bxe5 24. Ra7 Bb8 25. Re7 Rf8 26. Rdd7 Bd6 27. Rxf7 Rxf7 28. Bxe6 Bxh2+ 0-1


[Site "https://www.chess.com"]

[Event "Titled Tuesday Blitz May 03 Early 2022"]
[White "Lashkin, Jegor"]
[Black "Miszler, Levente"]
[WhiteFideId "13907808"]
[BlackFideId "763276"]
[WhiteElo "2368"]
[BlackElo "1966"]
[Result "1/2-1/2"]
[Round "02"]
[TimeControl "180+1"]
[Date "2022.05.03"]
[WhiteClock "0:01:11"]
[BlackClock "0:00:16"]

1. e4 e6 2. Nc3 d5 3. Nf3 d4 4. Ne2 c5 5. Ng3 Nc6 6. Bb5 Qc7 7. d3 a6 8. Bxc6+ Qxc6 9. a4 f6 10. e5 Bd7 11. O-O f5 12. Ng5 Ne7 13. c3 g6 14. cxd4 cxd4 15. Nf3 Qd5 16. Ne2 Nc6 17. Nf4 Qa5 18. Bd2 Bb4 19. Bxb4 Qxb4 20. h4 O-O 21. Rc1 Rac8 22. h5 Kg7 23. Rc4 Qe7 24. hxg6 hxg6 25. Qe2 Rcd8 26. b4 Rh8 27. b5 g5 28. bxc6 Bxc6 29. Nxd4 gxf4 30. Nxc6 Qh4 31. f3 Qh2+ 32. Kf2 Qg3+ 33. Kg1 Rh1+ 34. Kxh1 Rh8+ 35. Kg1 Qh2+ 36. Kf2 Qg3+ 37. Kg1 Qh2+ 38. Kf2 Qg3+ 39. Kg1 1/2-1/2


[Site "https://www.chess.com"]

[Event "Titled Tuesday Blitz May 03 Early 2022"]
[White "Lauridsen, Jesper Morch"]
[Black "Hirneise, Jens"]
[WhiteFideId "1401890"]
[BlackFideId "24614734"]
[WhiteElo "2231"]
[BlackElo "2359"]
[Result "0-1"]
[Round "02"]
[TimeControl "180+1"]
[Date "2022.05.03"]
[WhiteClock "0:01:25"]
[BlackClock "0:01:29"]

1. e4 d5 2. exd5 Nf6 3. c4 e6 4. Nc3 exd5 5. d4 Bb4 6. Nf3 O-O 7. Be3 Nc6 8. Be2 dxc4 9. Bxc4 Ne7 10. O-O c6 11. Ne5 Bxc3 12. bxc3 Ned5 13. Bb3 Nxc3 14. Qf3 Ncd5 15. Bg5 Be6 16. Bxd5 Qxd5 17. Qg3 Ne4 18. Qh4 Nxg5 19. Qxg5 f6 20. Qg3 fxe5 21. dxe5 Rad8 22. h3 Qd3 23. f3 Qe3+ 24. Kh2 Qf4 25. a3 Rd2 26. Rad1 Qxg3+ 27. Kxg3 Rfd8 28. Rxd2 Rxd2 29. f4 Bd5 30. Rg1 Rd3+ 31. Kg4 Be6+ 32. Kg5 Rd4 33. g4 h6+ 34. Kg6 Rxf4 35. Kh5 Kh7 36. Rd1 g5 0-1


[Site "https://www.chess.com"]

[Event "Titled Tuesday Blitz May 03 Early 2022"]
[White "Lazavik, Denis"]
[Black "Cunha, Lucas Aguiar"]
[WhiteFideId "13515110"]
[BlackFideId "2125404"]
[WhiteElo "2437"]
[BlackElo "2361"]
[Result "1-0"]
[Round "02"]
[TimeControl "180+1"]
[Date "2022.05.03"]
[WhiteClock "0:00:13"]
[BlackClock "0:00:04"]

1. d4 Nf6 2. c4 e6 3. Nf3 b6 4. g3 Ba6 5. b3 b5 6. Bg2 bxc4 7. Ne5 Bb4+ 8. Bd2 cxb3 9. Bxb4 b2 10. Nc3 bxa1=Q 11. Qxa1 d5 12. O-O Nfd7 13. Rd1 c5 14. dxc5 Nxe5 15. Nxd5 Nbc6 16. Bc3 exd5 17. Bxe5 Bc4 18. Bxg7 Rg8 19. Bf6 Qd7 20. Qc3 Bxa2 21. Qc2 Qe6 22. Qxa2 Qxf6 23. Qxd5 Rd8 24. Qxc6+ Qxc6 25. Bxc6+ Ke7 26. Ra1 Rc8 27. Rxa7+ Kf6 28. Bd5 Rgf8 29. c6 Ra8 30. Rb7 Ra1+ 31. Kg2 Rc1 32. h4 Ke5 33. Bf3 h6 34. Rb5+ Kd6 35. Rh5 Rh8 36. Rf5 Ke6 37. Rf4 Ke7 38. Rd4 Rd8 39. Re4+ Kf6 40. Ra4 Rdd1 41. Rf4+ Ke7 42. Bh5 Rg1+ 43. Kh3 Rh1+ 44. Kg4 Rc4 45. Rxc4 1-0


[Site "https://www.chess.com"]

[Event "Titled Tuesday Blitz May 03 Early 2022"]
[White "Le, Tuan Minh"]
[Black "Tatarinov, Dmitry"]
[WhiteFideId "12401153"]
[BlackFideId "24160067"]
[WhiteElo "2450"]
[BlackElo "2302"]
[Result "1-0"]
[Round "02"]
[TimeControl "180+1"]
[Date "2022.05.03"]
[WhiteClock "0:01:31"]
[BlackClock "0:00:20"]

1. d4 d5 2. Nf3 e6 3. Bf4 c5 4. c3 Bd6 5. Bg3 Qb6 6. Qc2 cxd4 7. cxd4 Nc6 8. Bxd6 Nxd4 9. Nxd4 Qxd6 10. Nb5 Qb4+ 11. N1c3 d4 12. a3 Qa5 13. Nxd4 Bd7 14. e3 Rc8 15. Be2 Nf6 16. O-O O-O 17. Qb3 a6 18. Rfd1 Rc7 19. Rac1 Rfc8 20. Qb4 Qe5 21. h3 h6 22. Nf3 Qf5 23. Bd3 Qh5 24. Ne2 Bc6 25. Nf4 Bxf3 26. Nxh5 Rxc1 27. Nxf6+ gxf6 28. Rxc1 Rxc1+ 29. Kh2 Bc6 30. Be4 Bxe4 31. Qxe4 Rc6 32. b4 Kg7 33. a4 Rb6 34. Qd4 Rc6 35. f4 b5 36. axb5 axb5 37. Qd7 Rb6 38. e4 Rb8 39. h4 h5 40. Qc7 Ra8 41. Qc5 Rb8 42. Qxh5 Rh8 43. Qxb5 Rxh4+ 44. Kg3 Rh1 45. Qc5 Rc1 46. Qxc1 1-0


[Site "https://www.chess.com"]

[Event "Titled Tuesday Blitz May 03 Early 2022"]
[White "Legenia, Artem"]
[Black "Karolczuk, Iwo"]
[WhiteFideId "14136945"]
[BlackFideId "21816972"]
[WhiteElo "1936"]
[BlackElo "2277"]
[Result "0-1"]
[Round "02"]
[TimeControl "180+1"]
[Date "2022.05.03"]
[WhiteClock "0:00:18"]
[BlackClock "0:00:04"]

1. d4 Nf6 2. Nf3 g6 3. Bf4 Bg7 4. e3 d6 5. h3 O-O 6. c3 Nbd7 7. Be2 b6 8. O-O Bb7 9. Nbd2 Qe8 10. Bh2 a6 11. Qc2 e5 12. dxe5 Nxe5 13. Nxe5 dxe5 14. Bf3 e4 15. Be2 Qe7 16. Rad1 Rac8 17. Rfe1 Nd7 18. Nc4 Nc5 19. Bf1 Rfd8 20. Rxd8+ Rxd8 21. Rd1 Nd3 22. Bxd3 exd3 23. Rxd3 Be4 24. Rxd8+ Qxd8 25. Qd2 Qe7 26. Bg3 h5 27. Na3 b5 28. Nc2 c5 29. Ne1 h4 30. Bf4 g5 31. Bh2 Qe6 32. Qd8+ Kh7 33. Qxg5 Bf6 34. Qxc5 Qxa2 35. Qh5+ Kg7 36. Qg4+ Bg6 37. Bf4 Qb1 38. Kf1 Qxb2 39. Bg5 Bxc3 40. Qxh4 Qd2 41. f3 Qd1 42. Qf2 Bd3+ 43. Kg1 Bxe1 44. Qb2+ Bc3+ 0-1


[Site "https://www.chess.com"]

[Event "Titled Tuesday Blitz May 03 Early 2022"]
[White "Lehtosaari, Mauri"]
[Black "Karthikeyan, Murali"]
[WhiteFideId "501999"]
[BlackFideId "5074452"]
[WhiteElo "2535"]
[BlackElo "2579"]
[Result "1/2-1/2"]
[Round "02"]
[TimeControl "180+1"]
[Date "2022.05.03"]
[WhiteClock "0:00:18"]
[BlackClock "0:00:29"]

1. d4 Nf6 2. Nf3 e6 3. Bg5 d5 4. Nbd2 Nbd7 5. e3 h6 6. Bh4 Bd6 7. Bd3 e5 8. dxe5 Nxe5 9. Nxe5 Bxe5 10. c3 Qe7 11. Qb3 c6 12. a4 O-O 13. Bg3 Nd7 14. Bb1 Nc5 15. Qc2 g6 16. Bxe5 Qxe5 17. Nf3 Qf6 18. Nd4 Ne4 19. O-O c5 20. Ne2 Bf5 21. Qd1 Rfd8 22. Ng3 Nxg3 23. fxg3 Qe5 24. Bxf5 gxf5 25. Qf3 Rd6 26. Qxf5 Qxe3+ 27. Kh1 Qe6 28. Qf4 Qg6 29. Rae1 Re6 30. Rxe6 fxe6 31. Qd6 c4 32. h3 b6 33. Rf4 h5 34. Qe5 Rf8 35. Rxf8+ Kxf8 36. Qb8+ Qe8 37. Qxa7 Qc6 38. Qb8+ Ke7 39. Qf4 Qxa4 40. Qc7+ Kf6 41. Qxb6 Qd1+ 42. Kh2 Qd2 43. Qd8+ Kf7 44. Qd7+ Kf6 45. Qd8+ Kf7 46. Qd7+ Kf6 47. Qd8+ 1/2-1/2


[Site "https://www.chess.com"]

[Event "Titled Tuesday Blitz May 03 Early 2022"]
[White "Liyanage, Ranindu Dilshan"]
[Black "Deac, Bogdan-Daniel"]
[WhiteFideId "9915834"]
[BlackFideId "1226380"]
[WhiteElo "1858"]
[BlackElo "2648"]
[Result "1-0"]
[Round "02"]
[TimeControl "180+1"]
[Date "2022.05.03"]
[WhiteClock "0:00:28"]
[BlackClock "0:00:02"]

1. e4 c5 2. Nf3 Nc6 3. d4 cxd4 4. Nxd4 g6 5. c4 Bg7 6. Be3 Qb6 7. Nb5 Qa5+ 8. Bd2 Qd8 9. Bc3 Nf6 10. Nd2 O-O 11. Bd3 b6 12. O-O Bb7 13. e5 Ne8 14. f4 a6 15. Na3 d6 16. Nf3 Nc7 17. Nc2 Ne6 18. f5 Nc5 19. e6 fxe6 20. fxg6 h6 21. Ne3 Qd7 22. Bc2 b5 23. Bxg7 Kxg7 24. Qd2 bxc4 25. Nxc4 e5 26. b4 Ne6 27. Nb6 Qc7 28. Nxa8 Bxa8 29. Nh4 Ncd4 30. Bf5 Qb6 31. Kh1 Nf4 32. Bg4 1-0


[Site "https://www.chess.com"]

[Event "Titled Tuesday Blitz May 03 Early 2022"]
[White "Lopez, Henry"]
[Black "Tanenbaum, Zachary"]
[WhiteFideId "5203830"]
[BlackFideId "2060850"]
[WhiteElo "2177"]
[BlackElo "2168"]
[Result "0-1"]
[Round "02"]
[TimeControl "180+1"]
[Date "2022.05.03"]
[WhiteClock "0:01:35"]
[BlackClock "0:01:45"]

1. d4 d5 2. Nf3 Bf5 3. c4 e6 4. Nc3 c6 5. e3 Nd7 6. Be2 Ngf6 7. Nh4 Be4 8. f3 Bg6 9. g3 Bd6 10. O-O O-O 11. Nxg6 hxg6 12. f4 c5 13. cxd5 exd5 14. Bf3 cxd4 15. exd4 Nb6 16. Qd3 Re8 17. Kg2 Rc8 18. b3 Bb4 19. Bd2 Ne4 20. Rac1 Nxd2 21. Qxd2 Qc7 22. Qd3 Bxc3 23. Rc2 Re6 0-1


[Site "https://www.chess.com"]

[Event "Titled Tuesday Blitz May 03 Early 2022"]
[White "Lorparizangeneh, Shahin"]
[Black "Kanyamarala, Tarun"]
[WhiteFideId "12521604"]
[BlackFideId "45004714"]
[WhiteElo "2525"]
[BlackElo "2177"]
[Result "1-0"]
[Round "02"]
[TimeControl "180+1"]
[Date "2022.05.03"]
[WhiteClock "0:00:32"]
[BlackClock "0:00:14"]

1. c4 e5 2. Nc3 Bb4 3. Nd5 a5 4. a3 Bc5 5. e3 c6 6. d4 Ba7 7. Nc3 d6 8. Nf3 Nd7 9. d5 Qe7 10. Ne4 Nc5 11. Ng3 Nf6 12. b4 Nce4 13. Nxe4 Nxe4 14. Bb2 O-O 15. Be2 f5 16. dxc6 bxc6 17. Qc2 Rb8 18. c5 axb4 19. cxd6 Nxd6 20. axb4 e4 21. Ne5 Rxb4 22. Nxc6 Qb7 23. Nxb4 Qxb4+ 24. Bc3 Qc5 25. Qb3+ Kh8 26. Bd4 Qc7 27. Rxa7 Qc1+ 28. Qd1 Qxd1+ 29. Bxd1 1-0


[Site "https://www.chess.com"]

[Event "Titled Tuesday Blitz May 03 Early 2022"]
[White "Maksimovic, Bojan"]
[Black "Petre, Nad-Titus"]
[WhiteFideId "14408120"]
[BlackFideId "1204165"]
[WhiteElo "2448"]
[BlackElo "2354"]
[Result "0-1"]
[Round "02"]
[TimeControl "180+1"]
[Date "2022.05.03"]
[WhiteClock "0:00:12"]
[BlackClock "0:00:10"]

1. b3 Nf6 2. Bb2 g6 3. e3 Bg7 4. Nf3 O-O 5. d4 d5 6. Be2 Ne4 7. O-O c5 8. Nbd2 Nc6 9. c4 Nxd2 10. Qxd2 Bg4 11. dxc5 dxc4 12. Bxg7 Bxf3 13. Qb2 Bxe2 14. Bh6 e5 15. Qxe2 Re8 16. Qxc4 Qf6 17. Qg4 Qe7 18. b4 Qe6 19. Qh4 f6 20. b5 Ne7 21. e4 g5 22. Qg3 Ng6 23. Rfc1 Rac8 24. Qf3 Nh4 25. Qe3 Qf7 26. g3 Ng6 27. a4 Qd7 28. Qf3 Qh3 29. Qxf6 Qxh6 30. Qc6 bxc6 0-1


[Site "https://www.chess.com"]

[Event "Titled Tuesday Blitz May 03 Early 2022"]
[White "Manon, Reja Neer"]
[Black "Olsen, Filip Boe"]
[WhiteFideId "10224009"]
[BlackFideId "1440640"]
[WhiteElo "1911"]
[BlackElo "2188"]
[Result "0-1"]
[Round "02"]
[TimeControl "180+1"]
[Date "2022.05.03"]
[WhiteClock "0:00:30"]
[BlackClock "0:00:21"]

1. e4 c5 2. Nf3 d6 3. d4 cxd4 4. Nxd4 Nf6 5. Nc3 a6 6. Be3 e5 7. Nb3 Be6 8. Be2 Be7 9. O-O O-O 10. f4 exf4 11. Bxf4 Nc6 12. Qe1 d5 13. exd5 Nxd5 14. Nxd5 Bxd5 15. Rd1 Qb6+ 16. Kh1 Rad8 17. Qg3 Kh8 18. Be3 Qb4 19. Rf4 Bd6 20. Rxb4 Bxg3 21. Rxb7 Be5 22. c4 Be4 23. Nc5 Bc2 24. Rc1 Bg6 25. Nxa6 Nd4 26. Bxd4 Bxd4 27. Bf3 Rfe8 28. h4 Be3 29. Rd1 Rxd1+ 30. Bxd1 Bf2 31. h5 Bg3 32. Be2 Rxe2 33. Rb8+ Bxb8 0-1


[Site "https://www.chess.com"]

[Event "Titled Tuesday Blitz May 03 Early 2022"]
[White "Manukyan, Sargis A."]
[Black "Schut, Han"]
[WhiteFideId "13303970"]
[BlackFideId "1005561"]
[WhiteElo "2187"]
[BlackElo "2057"]
[Result "1-0"]
[Round "02"]
[TimeControl "180+1"]
[Date "2022.05.03"]
[WhiteClock "0:00:32"]
[BlackClock "0:00:08"]

1. d4 Nf6 2. c4 g6 3. Nc3 d5 4. cxd5 Nxd5 5. e4 Nxc3 6. bxc3 Bg7 7. Nf3 c5 8. Rb1 O-O 9. Be2 Nc6 10. Be3 cxd4 11. cxd4 Qa5+ 12. Qd2 Qxd2+ 13. Kxd2 Rd8 14. d5 e6 15. Rb5 exd5 16. Rxd5 Be6 17. Rxd8+ Rxd8+ 18. Kc2 Bxa2 19. Bd2 Nd4+ 20. Nxd4 Rxd4 21. f3 b6 22. Bc3 Rd7 23. e5 Be6 24. f4 Rc7 25. Kb2 Bf8 26. Ra1 Bc5 27. g4 Kg7 28. h3 Be3 29. Rf1 b5 30. f5 Bc4 31. e6+ Kf8 32. Bxc4 Rxc4 33. fxg6 hxg6 34. exf7 Rf4 35. Re1 Bc5 36. Re5 b4 37. Rxc5 bxc3+ 38. Rxc3 Kxf7 39. Kc2 a5 40. Kd2 a4 41. Ke3 g5 42. Rc5 Kg6 43. Ra5 Rb4 44. Ra6+ Kg7 45. Kf3 Rb3+ 46. Ke4 a3 47. Kf5 Rb5+ 48. Ke4 Kf7 49. Rxa3 Kg6 50. Rd3 Rb4+ 51. Rd4 Rb3 52. Rd6+ Kf7 53. Rd3 Rb4+ 54. Kf5 Rb5+ 55. Ke4 Ke6 56. Re3 Rb4+ 57. Kf3+ Kf6 58. Kg3 Kg6 59. Ra3 Rb6 60. Kf3 Rf6+ 61. Ke4 Rb6 62. Ke5 Rb5+ 63. Ke6 Rb6+ 64. Kd5 Rf6 65. Rc3 Kg7 66. Rc7+ Kg8 67. Rc3 Kg7 68. Ke5 Ra6 69. Rd3 Kg6 70. Rd6+ 1-0


[Site "https://www.chess.com"]

[Event "Titled Tuesday Blitz May 03 Early 2022"]
[White "Menna Barreto, Felipe Kubiaki"]
[Black "Kosteniuk, Alexandra"]
[WhiteFideId "2119757"]
[BlackFideId "4128125"]
[WhiteElo "2261"]
[BlackElo "2469"]
[Result "1-0"]
[Round "02"]
[TimeControl "180+1"]
[Date "2022.05.03"]
[WhiteClock "0:01:06"]
[BlackClock "0:01:14"]

1. Nf3 Nf6 2. d4 b6 3. c4 e6 4. a3 Bb7 5. Nc3 d5 6. Bg5 Be7 7. Qa4+ Bc6 8. Qc2 O-O 9. Ne5 Bb7 10. e3 c5 11. dxc5 bxc5 12. Bd3 h6 13. Bf4 d4 14. exd4 Qxd4 15. Bg3 Bxg2 16. Rg1 Bf3 17. Nxf3 Qd8 18. O-O-O Nbd7 19. Ne5 Qc8 20. Bf4 Kh8 21. Bxh6 Nh5 22. Nxd7 gxh6 23. Nxf8 Qxf8 24. Kb1 Rb8 25. Be2 Nf4 26. Rg4 Nxe2 27. Qxe2 Bf6 28. Rd3 Bd4 29. Rgxd4 cxd4 30. Rxd4 Qg7 31. Qd2 Qf6 32. Ka2 Kg7 33. Ne4 Qe5 34. Nd6 f5 35. Nb5 a6 36. Rd7+ Kf6 37. Qxh6# 1-0


[Site "https://www.chess.com"]